AoeStats
← zamithdaniel

Black Forest

508766276Analyzed
2v2 RM · 9d ago on Sep 24, 2026· 59m 21s· 4 players
Game mode
Random Map
Map size
Medium (4 player)
Population
200
Speed
Normal
Resources
Standard
Victory
Conquest
Starting age
Dark Age
Ending age
Imperial Age
RankedLock teamsTeams togetherTeam positionsShared explorationLock speedFull tech treeHidden civsTurbo modeCheats
Victory
Defeat
🇺🇸 Japanese · United States
1018
+12
🇦🇷 Turks · Argentina
971
+25
🇨🇴 Turks · Colombia
959
-14
🇨🇴 Romans · Colombia
886
-11
zamithdaniel
12:04 Feudal Age
13:13 Double-Bit Axe
19:26 Castle Age
19:38 Horse Collar
19:56 Stone Mining
19:59 Gold Mining
27:10 Bow Saw
27:18 Heavy Plow
33:41 Imperial Age
31:47 Forging
31:43 Scale Barding Armor
31:38 Padded Archer Armor
31:40 Loom
32:31 Wheelbarrow
31:41 Town Watch
33:03 Husbandry
33:17 Bloodlines
35:04 Iron Casting
34:49 Chain Barding Armor
34:45 Leather Archer Armor
34:55 Fortified Wall
37:08 Gold Shaft Mining
38:01 Plate Barding Armor
37:56 Hand Cart
38:20 Conscription
41:36 Bow Saw
42:21 Artillery
41:53 Elite Janissary
43:47 Blast Furnace
44:14 Ballistics
53:09 Ring Archer Armor
edwinsy22
0:38 Loom
13:01 Feudal Age
14:18 Wheelbarrow
13:29 Man-at-Arms
14:48 Horse Collar
14:56 Double-Bit Axe
16:08 Scale Mail Armor
18:26 Forging
24:44 Castle Age
24:54 Long Swordsman
27:17 Husbandry
33:02 Bow Saw
33:52 Caravan
36:16 Gold Mining
37:48 Gold Shaft Mining
38:17 Hand Cart
43:52 Imperial Age
42:46 Stone Mining
43:27 Ballistics
54:40 Cavalier
55:30 Scale Barding Armor
55:40 Chain Mail Armor
57:26 Chain Barding Armor
56:51 Light Cavalry
57:42 Bloodlines
57:38 Elite Skirmisher
notJorge
1:21 Loom
13:29 Feudal Age
17:53 Castle Age
16:22 Horse Collar
16:29 Double-Bit Axe
27:28 Padded Archer Armor
33:51 Imperial Age
32:20 Town Watch
33:29 Bow Saw
33:53 Town Patrol
36:01 Two-Man Saw
36:44 Gold Mining
36:53 Stone Mining
37:52 Leather Archer Armor
41:41 Gold Shaft Mining
40:30 Elite Janissary
42:45 Wheelbarrow
43:21 Caravan
44:41 Husbandry
44:53 Bloodlines
48:27 Hand Cart
50:53 Ring Archer Armor
50:29 Scale Barding Armor
50:35 Forging
52:10 Conscription
52:03 Artillery
60:07 Chain Barding Armor
60:22 Iron Casting
Kin
4:41 Loom
12:42 Feudal Age
13:39 Double-Bit Axe
16:50 Castle Age
21:39 Wheelbarrow
22:59 Bow Saw
23:03 Horse Collar
24:03 Heavy Plow
25:15 Fletching
26:18 Hand Cart
25:59 Town Watch
27:35 Thumb Ring
27:38 Gold Mining
27:43 Stone Mining
29:09 Gold Shaft Mining
29:41 Bodkin Arrow
29:46 Padded Archer Armor
30:34 Town Patrol
31:22 Leather Archer Armor
31:05 Fishing Lines
34:21 Imperial Age
32:19 Ballistics
32:12 Masonry
32:15 Fortified Wall
33:07 Gillnets
33:32 Murder Holes
33:18 Treadmill Crane
34:05 Gillnets
35:49 Bracer
36:20 Ring Archer Armor
35:12 Heavy Cavalry Archer
36:18 Parthian Tactics
36:57 Chemistry
36:02 Siege Engineers
36:30 Conscription
36:30 Kataparuto
37:08 Scale Mail Armor
37:19 Forging
37:45 Scale Barding Armor
37:04 Pikeman
37:45 Squires
38:16 Caravan
38:46 Halberdier
39:43 Chain Mail Armor
40:04 Iron Casting
42:16 Plate Mail Armor
43:38 Blast Furnace
Connection lost

Rejoining the realm…

Still unreachable

The connection could not be restored.

Session expired

The server has moved on; the page needs a fresh start.